 Dungeon Crawl Stone Soup version 0.23-a0-767-gdc19b93d68 (webtiles) character file.

812 LLavrengius the Cutter (level 7, -1/46 HPs)
             Began as an Octopode Fighter on Jan 27, 2019.
             Was a Follower of Wu Jian.
             Slain by a centaur
             ... wielding a cursed +0 shortbow
              (3 damage)
             ... on level 5 of the Dungeon.
             The game lasted 00:13:00 (4685 turns).

LLavrengius the Cutter (Octopode Fighter)           Turns: 4685, Time: 00:13:01

Health: -1/46      AC:  1    Str: 15    XL:     7   Next: 93%
Magic:  10/10      EV: 11    Int: 14    God:    Wu Jian [*.....]
Gold:   230        SH:  8    Dex: 12    Spells: 7/10 levels left

rFire    . . .     SeeInvis .   x - +4 short sword
rCold    . . .     Gourm    +   b - +0 shield
rNeg     . . .     Faith    .   (helmet restricted)
rPois    .         Spirit   .   n - amulet of the gourmand
rElec    .         Reflect  .   i - ring of flight
rCorr    .         Harm     .   w - +2 ring of intelligence
MR       .....                  (no ring)
Stlth    ++++......             (no ring)
HPRegen  0.15/turn              (no ring)
MPRegen  0.12/turn              (no ring)
                                (no ring)
                                (no ring)

@: no status effects
A: almost no armour, stealthy swim, amphibious, 8 rings, constrict 8, camouflage
1, gelatinous body 1
a: Renounce Religion, Evoke Flight


You were on level 5 of the Dungeon.
You worshipped Wu Jian.
Wu Jian was aware of your devotion.
You were very full.

You visited 2 branches of the dungeon, and saw 6 of its levels.

You collected 230 gold pieces.

Inventory:

Hand Weapons
 a - a +0 rapier
 c - a +0 falchion of electrocution
 k - a +3 whip of venom
 r - a +0 trident
 x - a +4 short sword (weapon)
 z - a +2 antimagic hand axe
Missiles
 A - 2 tomahawks of returning (quivered)
Armour
 b - a +0 shield (worn)
Jewellery
 i - a ring of flight (left tentacle)
 n - an amulet of the gourmand (around mantle)
 w - a +2 ring of intelligence (right tentacle)
Scrolls
 e - 2 scrolls of fog {unknown}
 f - a scroll of blinking {unknown}
 g - a scroll of immolation {unknown}
 l - a scroll of noise {unknown}
 p - 2 scrolls of teleportation {unknown}
 q - a scroll of random uselessness {unknown}
 v - 2 scrolls of remove curse {unknown}
 y - a scroll of identify
Potions
 j - 2 potions of brilliance
 m - a potion of degeneration
 o - a potion of ambrosia
 s - a potion of magic
 u - 2 potions of flight
Comestibles
 d - 8 rations


   Skills:
 + Level 3.4 Fighting
 * Level 6.1 Short Blades
 - Level 3.0 Dodging
 - Level 6.0 Stealth
 - Level 3.0 Shields
 + Level 2.4 Spellcasting
 + Level 2.6 Necromancy


You had 7 spell levels left.
You knew the following spells:

 Your Spells              Type           Power        Failure   Level  Hunger
a - Vampiric Draining     Necr           #.........   73%         3    ###....

Your spell library contained the following spells:

 Spells                   Type           Power        Failure   Level  Hunger
 Animate Skeleton         Necr           N/A          36%         1    #......
 Pain                     Necr           #...         36%         1    #......
 Magic Dart               Conj           #...         71%         1    #......
 Blink                    Tloc           N/A          85%         2    ###....
 Call Imp                 Summ           #.......     85%         2    ###....
 Slow                     Hex            #.......     85%         2    ###....
 Regeneration             Chrm/Necr      #.........   88%         3    ###....
 Conjure Flame            Conj/Fire      #.......     97%         3    ###....
 Mephitic Cloud           Conj/Pois/Air  #.......     97%         3    ###....
 Animate Dead             Necr           N/A          98%         4    #####..


Dungeon Overview and Level Annotations

Branches:
Dungeon (5/15)             Temple (1/1) D:4

Altars:
Ashenzari
Cheibriados
Dithmenos
Elyvilon
Fedhas
Hepliaklqana
Kikubaaqudgha
Makhleb
Nemelex Xobeh
Okawaru
Qazlal
Trog
Uskayaw
Wu Jian
Xom
Yredelemnul
Zin
The Shining One

Shops:
D:4 %


Innate Abilities, Weirdness & Mutations

You cannot wear most types of armour.
You are very stealthy in the water. (Stealth+)
You are amphibious.
You can wear up to eight rings at the same time.
You can use your tentacles to constrict eight enemies at once.
Your skin changes colour to match your surroundings (Stealth+).
Your rubbery body absorbs attacks. (AC +1, EV +1)


Message History

The centaur misses you. The orc completely misses you.
Things that are here:
a +0 short sword; a +0 dagger; a +0 robe You puncture the orc!
You kill the orc!
The Council accepts your kill.
You can now lightly attack and pin monsters in place by moving around them.
The centaur barely misses you.
You closely miss the centaur.
The centaur hits you with a cursed +0 shortbow!
* * * LOW HITPOINT WARNING * * *
You closely miss the centaur.
The centaur hits you with a cursed +0 shortbow.
* * * LOW HITPOINT WARNING * * *
Unknown command.
You completely miss the centaur. You squeeze the centaur.
The centaur is lightly wounded.
The centaur closely misses you.
The centaur hits you with a cursed +0 shortbow.
You die...

#.# #.#
#.##########.#
#............###
#..............#
#.######.##.##.#
#.# #.##.##.#
#.# #.##.##.#
###(# #.##.##.##
#.@)# #.##.##...
#c### #.<......#
####.####
####.###.# ##..
###.....%.# #.#
#.# Y.o#
#.........# #.#
#.# #Y.#
#.#.......###
#.# #.# #..#
#..(.$..?... ..#
#.# #..#
#......o.(# ###
#.# #..#
#.........######


You could see a centaur.

Vanquished Creatures
  A sky beast (D:4)
  A scorpion (D:4)
  7 orc priests
  Crazy Yiuf (D:2)
  A hound (D:4)
  2 iguanas (D:4)
  A worker ant (D:4)
  6 orc wizards
  4 gnolls (D:3)
  4 adders
  An ooze (D:3)
  An adder skeleton (D:4)
  A worm (D:4)
  3 leopard geckos
  21 orcs
  4 giant cockroaches
  4 goblins
  6 hobgoblins
  A ball python (D:1)
  5 bats
  4 frilled lizards
  A jackal skeleton (D:5)
  3 kobolds
  A leopard gecko skeleton (D:4)
  6 rats
90 creatures vanquished.

Notes
Turn   | Place    | Note
-------+----------+-------------------------------------------
     0 | D:1      | LLavrengius the Octopode Fighter began the quest for the
                  | Orb.
     0 | D:1      | Reached XP level 1. HP: 16/16 MP: 1/1
   254 | D:1      | Reached skill level 1 in Stealth
   293 | D:1      | Reached XP level 2. HP: 12/21 MP: 2/2
  1042 | D:2      | Reached XP level 3. HP: 17/26 MP: 3/3
  1275 | D:2      | Reached XP level 4. HP: 16/31 MP: 4/4
  1781 | D:2      | Found a runed door.
  1785 | D:2      | Noticed Crazy Yiuf
  1790 | D:2      | Killed Crazy Yiuf
  1790 | D:2      | Reached XP level 5. HP: 36/36 MP: 5/5
  2031 | D:3      | Reached skill level 5 in Stealth
  2315 | D:3      | Learned a level 3 spell: Vampiric Draining
  2426 | D:3      | Reached XP level 6. HP: 30/42 MP: 6/6
  2864 | D:4      | Reached skill level 1 in Necromancy
  2871 | D:4      | Reached skill level 1 in Spellcasting
  2911 | D:4      | Found a staircase to the Ecumenical Temple.
  2916 | D:4      | Reached skill level 5 in Short Blades
  2945 | Temple   | Entered the Ecumenical Temple
  2949 | Temple   | Reached XP level 7. HP: 31/46 MP: 7/9
  3188 | Temple   | Became a worshipper of the Wu Jian Council
  3605 | D:4      | Found Omakojej's Food Boutique.
  3955 | D:5      | Entered Level 5 of the Dungeon
  4682 | D:5      | Reached * piety under Wu Jian
  4684 | D:5      | HP: 2/46 [centaur/cursed +0 shortbow (5)]
  4685 | D:5      | Slain by a centaur

Vault maps used:
D:1:      psy_arrival_whirlpool, st_stairs_5
D:2:      chequers_mini_garden, uniq_crazy_yiuf_cottage
D:3:      first_ration
D:4:      minmay_temple_entry_sparse_star, serial_shops, shop
D:5:      serial_shops, nicolae_shop_statue_plus, kennysheep_slug_shrine
Temple:   dpeg_five_rooms_temple

Skill      XL: |  1  2  3  4  5  6  7 |
---------------+----------------------+-----
Stealth        | 1 2 4 5 6 |  6.0
Short Blades   | 3 4 5 6 |  6.1
Necromancy     | 1 2 |  2.6
Spellcasting   | 1 2 |  2.4
Fighting       | |  3.4
Dodging        | |  3.0
Shields        | |  3.0

Action                   |  1- 3 |  4- 6 |  7- 9 || total
-------------------------+-------+-------+-------++-------
Melee: Rapier            |    40 |    93 |    14 ||   147
       Constrict         |     7 |    23 |    10 ||    40
       Tentacles         |     6 |    19 |     9 ||    34
       Short sword       |       |       |    52 ||    52
Invok: Lunge             |       |       |     3 ||     3
  Use: Scroll            |       |       |     6 ||     6
       Potion            |       |       |     2 ||     2
 Stab: Sleeping          |    11 |     7 |     3 ||    21
       Distracted        |       |     1 |       ||     1
  Eat: Chunk             |     1 |    15 |     4 ||    20
Armor: Skin              |       |     3 |       ||     3
Dodge: Dodged            |    11 |    27 |    24 ||    62
Block: Shield            |     9 |    26 |    21 ||    56

Table legend:
 A = Non-vault XP
 B = Vault XP
 C = Vault XP percentage of total XP
 D = Non-vault monster count
 E = Vault monster count
 F = Vault count percentage of total count
                 A         B        C        D         E       F
            +---------+---------+-------+---------+---------+-------
      Total |    1117 |      44 |   3.8 |      87 |       3 |   3.3
            +---------+---------+-------+---------+---------+-------
        D:1 |      23 |       4 |  14.8 |      16 |       2 |  11.1
        D:2 |     135 |      40 |  22.9 |      11 |       1 |   8.3
        D:3 |     146 |       0 |   0.0 |      20 |       0 |   0.0
        D:4 |     637 |       0 |   0.0 |      31 |       0 |   0.0
        D:5 |     133 |       0 |   0.0 |       8 |       0 |   0.0
     Temple |      43 |       0 |   0.0 |       1 |       0 |   0.0
            +---------+---------+-------+---------+---------+-------
